[Event "XI Paracin Festival 2018"]
[Site "Paracin"]
[Date "2018.07.10"]
[Round "6"]
[White "Nestorovic, Dejan"]
[Black "Radovanovic, Nikola"]
[Result "1/2-1/2"]
[ECO "E61"]
[WhiteElo "2341"]
[BlackElo "2425"]
[Annotator "NA"]
[PlyCount "44"]
[EventDate "2018.07.06"]
[EventType "swiss"]
[EventCountry "SRB"]
[SourceTitle "playchess.com"]
[Source "ChessBase"]
[SourceQuality "1"]
[TimeControl "5400+30"]

1. d4 Nf6 2. c4 g6 3. Nc3 Bg7 4. Nf3 O-O 5. Bg5 c5 6. d5 h6 7. Bf4 d6 8. Qc1 g5 9. Bd2 Nh7 10. h4 g4 11. Ng1 h5 12. e4 e6 13. Bd3 Nd7 14. Qc2 Ne5 15. O-O-O Nxd3+ 16. Qxd3 e5 17. Nge2 f5 18. f3 f4 19. fxg4 Bxg4 20. Rdf1 Qd7 21. Kb1 a6 22. Ng1 Rab8 1/2-1/2

[Event "XI Paracin Festival 2018"]
[Site "Paracin"]
[Date "2018.07.10"]
[Round "6"]
[White "Kulkarni, Chinmay"]
[Black "Kosic, Dragan"]
[Result "0-1"]
[ECO "C11"]
[WhiteElo "2336"]
[BlackElo "2463"]
[Annotator "ChessBase"]
[PlyCount "66"]
[EventDate "2018.07.06"]
[EventType "swiss"]
[EventCountry "SRB"]
[SourceTitle "playchess.com"]
[Source "ChessBase"]
[SourceQuality "1"]
[TimeControl "5400+30"]

1. e4 e6 2. d4 d5 3. Nc3 Nf6 4. e5 Nfd7 5. Nce2 c5 6. c3 Nc6 7. Nf3 Qb6 8. a3 f6 9. Nf4 fxe5 10. Nxe6 cxd4 11. cxd4 Nf6 12. Nxf8 Rxf8 13. dxe5 Ng4 14. Qe2 Rf5 15. b4 Be6 16. Bb2 Rf4 17. O-O-O Nxf2 18. Ng5 Rc4+ 19. Kb1 Bf5+ 20. Ka1 Rg4 21. h4 Nxh1 22. Qf3 Ne7 23. e6 Ng3 24. Bd3 Ne4 25. Nf7 Qxe6 26. Ne5 Rg3 27. Bb5+ Kf8 28. Qh5 Nf6 29. Qe2 a6 30. Ba4 b5 31. Bc2 Bxc2 32. Qxc2 Rc8 33. Qe2 Kg8 0-1

[Event "XI Paracin Festival 2018"]
[Site "Paracin"]
[Date "2018.07.10"]
[Round "6"]
[White "Budisavljevic, Luka"]
[Black "Peycheva, Gergana"]
[Result "1/2-1/2"]
[ECO "D05"]
[WhiteElo "2324"]
[BlackElo "2157"]
[Annotator "NA"]
[PlyCount "90"]
[EventDate "2018.07.06"]
[EventType "swiss"]
[EventCountry "SRB"]
[SourceTitle "playchess.com"]
[Source "ChessBase"]
[SourceQuality "1"]
[TimeControl "5400+30"]

1. d4 Nf6 2. Nf3 e6 3. e3 d5 4. Bd3 c5 5. b3 Nc6 6. O-O b6 7. Bb2 Bb7 8. Nbd2 Bd6 9. a3 O-O 10. Ne5 Rc8 11. f4 Ne7 12. Rc1 Ne4 13. Bxe4 dxe4 14. Ndc4 Nf5 15. Re1 f6 16. dxc5 Rxc5 17. Nxd6 Nxd6 18. Ng4 Rd5 19. Qe2 Nf5 20. Red1 Rf7 21. c4 Ba6 22. Qe1 Rdd7 23. Nf2 Bb7 24. a4 Bc6 25. Ba3 e5 26. fxe5 fxe5 27. Rxd7 Rxd7 28. Rd1 Rxd1 29. Qxd1 Qg5 30. Ng4 h5 31. Nxe5 Nh4 32. g3 Nf3+ 33. Nxf3 Qxe3+ 34. Kf1 exf3 35. Qe1 Qd3+ 36. Kg1 Qd4+ 37. Kf1 Bd7 38. g4 Bxg4 39. Qe8+ Kh7 40. Qf7 Qa1+ 41. Kf2 Qxa3 42. h3 Qb2+ 43. Kg3 Qe5+ 44. Kf2 h4 45. Kg1 Qe7 1/2-1/2

[Event "XI Paracin Festival 2018"]
[Site "Paracin"]
[Date "2018.07.10"]
[Round "6"]
[White "Konaplev, Anton"]
[Black "Eswaran, Ashritha"]
[Result "1/2-1/2"]
[ECO "E46"]
[WhiteElo "2316"]
[BlackElo "2092"]
[Annotator "NA"]
[PlyCount "53"]
[EventDate "2018.07.06"]
[EventType "swiss"]
[EventCountry "SRB"]
[SourceTitle "playchess.com"]
[Source "ChessBase"]
[SourceQuality "1"]
[TimeControl "5400+30"]

1. d4 Nf6 2. c4 e6 3. Nc3 Bb4 4. e3 O-O 5. Nge2 Re8 6. a3 Bf8 7. Ng3 d5 8. Be2 b6 9. O-O Bb7 10. b4 c6 11. Qc2 Nbd7 12. Rd1 Qc7 13. e4 e5 14. Be3 exd4 15. Bxd4 dxe4 16. Bxf6 Nxf6 17. Ncxe4 Nxe4 18. Nxe4 Qf4 19. Bf3 c5 20. Ng5 Qxg5 21. Bxb7 Rad8 22. Bd5 Bd6 23. Qd3 Be5 24. Ra2 Bd4 25. Re2 Re7 26. Qf3 Qf6 27. Qxf6 1/2-1/2

[Event "XI Paracin Festival 2018"]
[Site "Paracin"]
[Date "2018.07.10"]
[Round "6"]
[White "Savanovic, Vuk"]
[Black "Tomic, Aleksandar"]
[Result "1/2-1/2"]
[ECO "B43"]
[WhiteElo "2294"]
[BlackElo "2347"]
[Annotator "NA"]
[PlyCount "68"]
[EventDate "2018.07.06"]
[EventType "swiss"]
[EventCountry "SRB"]
[SourceTitle "playchess.com"]
[Source "ChessBase"]
[SourceQuality "1"]
[TimeControl "5400+30"]

1. e4 c5 2. Nf3 e6 3. d4 cxd4 4. Nxd4 a6 5. Nc3 Qc7 6. Be3 Nf6 7. a3 b5 8. Bd3 Bb7 9. O-O d6 10. Qf3 Nbd7 11. Qg3 h5 12. f3 Rc8 13. Rad1 d5 14. Qxc7 Rxc7 15. exd5 Nxd5 16. Nxd5 Bxd5 17. a4 e5 18. Ne2 bxa4 19. Nc3 Bc4 20. Nxa4 Bxd3 21. Rxd3 Rxc2 22. Rfd1 Rc7 23. Nb6 Nxb6 24. Rd8+ Ke7 25. Bxb6 Rc6 26. Ba5 Kf6 27. Kf1 g6 28. Bc3 Kf5 29. R1d7 f6 30. Rf7 Bg7 31. Rxh8 Bxh8 32. Rh7 Rc8 33. Ra7 Rc6 34. Rh7 Rc8 1/2-1/2

[Event "XI Paracin Festival 2018"]
[Site "Paracin"]
[Date "2018.07.10"]
[Round "6"]
[White "Gomes, Mary Ann"]
[Black "Stankovic, Milos"]
[Result "1/2-1/2"]
[ECO "B52"]
[WhiteElo "2284"]
[BlackElo "2420"]
[Annotator "NA"]
[PlyCount "125"]
[EventDate "2018.07.06"]
[EventType "swiss"]
[EventCountry "SRB"]
[SourceTitle "playchess.com"]
[Source "ChessBase"]
[SourceQuality "1"]
[TimeControl "5400+30"]

1. e4 c5 2. Nf3 d6 3. Bb5+ Bd7 4. c4 Nc6 5. Nc3 Nf6 6. O-O e6 7. Re1 Be7 8. Bxc6 Bxc6 9. d4 cxd4 10. Nxd4 Rc8 11. Nxc6 Rxc6 12. b3 O-O 13. Bb2 a6 14. Qd2 Qa5 15. Rad1 Qc5 16. h3 Rfc8 17. Re3 Nh5 18. Rd3 h6 19. Nd5 Bg5 20. Qe2 exd5 21. Qxh5 dxc4 22. bxc4 Be7 23. Qxc5 Rxc5 24. Ba3 Rxc4 25. e5 Bf8 26. exd6 Rd8 27. Re1 f6 28. d7 Kf7 29. Bxf8 Kxf8 30. Rd2 Rc7 31. Red1 Ke7 32. Re1+ Kf7 33. Red1 Rc6 34. f3 Ke7 35. Re1+ Re6 36. Red1 b5 37. Kf2 a5 38. Rd5 Rb6 39. Re1+ Kf7 40. Rb1 b4 41. Rxa5 Rxd7 42. Ra4 Rd2+ 43. Kg1 Rc6 44. Rbxb4 Rcc2 45. Ra7+ Kg8 46. Rg4 g5 47. Kh1 Rxa2 48. Rxa2 Rxa2 49. h4 Kf7 50. hxg5 hxg5 51. Kh2 Kg6 52. Rb4 f5 53. Rb6+ Kh5 54. Rf6 f4 55. Kh3 Ra1 56. g4+ fxg3 57. Kxg3 Ra3 58. Rb6 Rc3 59. Ra6 Rb3 60. Rc6 Ra3 61. Rb6 Rc3 62. Ra6 Rb3 63. Rc6 1/2-1/2

[Event "XI Paracin Festival 2018"]
[Site "Paracin"]
[Date "2018.07.10"]
[Round "6"]
[White "Colovic, Dusan"]
[Black "Radovanovic, Mihajlo"]
[Result "1/2-1/2"]
[ECO "A45"]
[WhiteElo "2279"]
[BlackElo "2402"]
[Annotator "NA"]
[PlyCount "113"]
[EventDate "2018.07.06"]
[EventType "swiss"]
[EventCountry "SRB"]
[SourceTitle "playchess.com"]
[Source "ChessBase"]
[SourceQuality "1"]
[TimeControl "5400+30"]

1. d4 Nf6 2. Nc3 d5 3. Bf4 a6 4. e3 b5 5. Nf3 e6 6. a3 Bb7 7. Ne5 c5 8. g4 Nfd7 9. Bg2 Nxe5 10. Bxe5 Nc6 11. Bg3 cxd4 12. exd4 b4 13. axb4 Bxb4 14. O-O Bxc3 15. bxc3 O-O 16. Qb1 Ra7 17. Qa2 a5 18. Rfb1 Ba6 19. Qa4 Qd7 20. Rb6 Rc8 21. Rab1 h6 22. Qa3 Bc4 23. h3 a4 24. Bd6 Raa8 25. Bc5 Qe8 26. Qc1 Qd8 27. Ba3 Rab8 28. Rb7 Ba6 29. Rxb8 Rxb8 30. Ra1 Bc4 31. Qf4 Rb7 32. Qe3 Qb8 33. Qe1 Bb5 34. Qc1 Be2 35. Qe1 Bc4 36. Qc1 Bb5 37. Qe1 Qf4 38. Bc1 Qc7 39. Ba3 Rb8 40. Bc5 Ra8 41. Ba3 Ne7 42. Bxe7 Qxe7 43. Bxd5 Ra7 44. Ba2 Qc7 45. d5 exd5 46. Bxd5 Bc6 47. Bxc6 Qxc6 48. Qe3 Ra8 49. Qd4 a3 50. c4 a2 51. Qd5 Qa4 52. c5 Ra7 53. Qb3 Qa5 54. c6 Qe5 55. Rxa2 Qe1+ 56. Kg2 Qe4+ 57. Kg1 1/2-1/2

[Event "XI Paracin Festival 2018"]
[Site "Paracin"]
[Date "2018.07.10"]
[Round "6"]
[White "Bratkovic, Sham"]
[Black "Radovic, Luka"]
[Result "1/2-1/2"]
[ECO "B90"]
[WhiteElo "2190"]
[BlackElo "2344"]
[Annotator "NA"]
[PlyCount "66"]
[EventDate "2018.07.06"]
[EventType "swiss"]
[EventCountry "SRB"]
[SourceTitle "playchess.com"]
[Source "ChessBase"]
[SourceQuality "1"]
[TimeControl "5400+30"]

1. e4 c5 2. Nf3 d6 3. d4 cxd4 4. Nxd4 Nf6 5. Nc3 a6 6. Be3 e5 7. Nf3 Be7 8. Bc4 O-O 9. O-O Be6 10. Bb3 Nc6 11. Qe2 Rc8 12. Rfd1 Qc7 13. Bg5 Rfe8 14. Qd2 Rcd8 15. Bxf6 Bxf6 16. Nd5 Bxd5 17. Qxd5 Nd4 18. Ne1 h5 19. g3 g6 20. Kg2 Kg7 21. h4 Qd7 22. c3 Ne6 23. Rd2 Bxh4 24. Rad1 Qe7 25. Nc2 Bf6 26. Nb4 Rh8 27. Qa5 Bg5 28. Rd3 h4 29. Rxd6 Nf4+ 30. gxf4 Rxd6 31. Rxd6 Qxd6 32. fxg5 Qe7 33. Nd3 Qxg5+ 1/2-1/2

[Event "XI Paracin Festival 2018"]
[Site "Paracin"]
[Date "2018.07.10"]
[Round "6"]
[White "Uuriintuya, Uurtsaikh"]
[Black "Sylvan, Jacob"]
[Result "1-0"]
[ECO "B49"]
[WhiteElo "2158"]
[BlackElo "2332"]
[Annotator "NA"]
[PlyCount "99"]
[EventDate "2018.07.06"]
[EventType "swiss"]
[EventCountry "SRB"]
[SourceTitle "playchess.com"]
[Source "ChessBase"]
[SourceQuality "1"]
[TimeControl "5400+30"]

1. e4 c5 2. Nf3 e6 3. d4 cxd4 4. Nxd4 Nc6 5. Nc3 Qc7 6. Be3 a6 7. Be2 Nf6 8. O-O Be7 9. f4 d6 10. a4 O-O 11. Kh1 Bd7 12. Nb3 b6 13. Bf3 Bc8 14. g4 Bb7 15. g5 Nd7 16. Bg2 Rfe8 17. Rf3 Nb4 18. Rh3 g6 19. Qd2 Nc5 20. Qf2 Nxb3 21. Bxb6 Qc8 22. cxb3 d5 23. Bd4 h5 24. gxh6 Kh7 25. f5 exf5 26. exf5 Rf8 27. Rf3 g5 28. f6 Bd6 29. Re1 g4 30. Rfe3 Nc6 31. Re7 Rb8 32. Nxd5 g3 33. Qc2+ Kh8 34. Bc3 Qg4 35. h3 Qh5 36. Qe2 Qxh6 37. Qc4 Rg8 38. Rxf7 Bc8 39. Qe4 Bxh3 40. Rh7+ Qxh7 41. f7+ Rg7 42. Bxg7+ Kxg7 43. Qxh7+ Kxh7 44. Bxh3 Kg7 45. Re6 Rd8 46. Ne3 Nd4 47. Re4 Nc6 48. Re6 Nd4 49. Re8 Rb8 50. f8=Q+ 1-0

[Event "XI Paracin Festival 2018"]
[Site "Paracin"]
[Date "2018.07.10"]
[Round "6"]
[White "Tugstumur, Yesuntumur"]
[Black "Damljanovic, Branko"]
[Result "1/2-1/2"]
[ECO "A53"]
[WhiteElo "2116"]
[BlackElo "2508"]
[Annotator "ChessBase"]
[PlyCount "70"]
[EventDate "2018.07.06"]
[EventType "swiss"]
[EventCountry "SRB"]
[SourceTitle "playchess.com"]
[Source "ChessBase"]
[SourceQuality "1"]
[TimeControl "5400+30"]

1. d4 Nf6 2. c4 d6 3. Nc3 Bf5 4. g3 e5 5. dxe5 dxe5 6. Qxd8+ Kxd8 7. Bg5 Nbd7 8. O-O-O Be7 9. Nf3 Kc8 10. e4 Be6 11. Bxf6 gxf6 12. h4 Bc5 13. Rd2 Bb4 14. Rc2 a5 15. Nd5 c6 16. Bg2 Bc5 17. Nh2 a4 18. Re1 h5 19. Kb1 Ra5 20. Ne3 Nb6 21. Nd5 Nd7 22. Nf1 b5 23. a3 bxc4 24. Nde3 Nb6 25. Nd2 Bxe3 26. Rxe3 Rc5 27. Bf1 f5 28. Bh3 f4 29. Bxe6+ fxe6 30. Rec3 Rd8 31. Kc1 Rd4 32. Rf3 Nd7 33. Rfc3 Nb6 34. Rf3 Nd7 35. Rfc3 Nb6 1/2-1/2

[Event "XI Paracin Festival 2018"]
[Site "Paracin"]
[Date "2018.07.11"]
[Round "7"]
[White "Damljanovic, Branko"]
[Black "Avalyan, Artur"]
[Result "0-1"]
[ECO "A13"]
[WhiteElo "2508"]
[BlackElo "2315"]
[Annotator "ChessBase"]
[PlyCount "70"]
[EventDate "2018.07.06"]
[EventType "swiss"]
[EventCountry "SRB"]
[SourceTitle "playchess.com"]
[Source "ChessBase"]
[SourceQuality "1"]
[TimeControl "5400+30"]

1. c4 e6 2. Nf3 d5 3. g3 Nf6 4. Bg2 dxc4 5. Qa4+ Bd7 6. Qxc4 c5 7. O-O Bc6 8. Nc3 Nbd7 9. e4 Be7 10. Qe2 b5 11. d4 b4 12. d5 Bb7 13. dxe6 fxe6 14. e5 Nd5 15. Nxd5 Bxd5 16. Rd1 O-O 17. b3 Qc7 18. Bf4 Qb7 19. Ne1 g6 20. Rxd5 exd5 21. Nc2 Nb6 22. Ne3 Rad8 23. Rd1 Qc6 24. Qa6 Kg7 25. Nxd5 Qe6 26. Rd2 g5 27. Nxe7 gxf4 28. Qxa7 Rd7 29. Rxd7 Nxd7 30. Nd5 f3 31. Nf6 Rf7 32. Qa8 Nxe5 33. Nh5+ Kh6 34. Nf4 Rxf4 35. gxf4 Qg6 0-1

[Event "XI Paracin Festival 2018"]
[Site "Paracin"]
[Date "2018.07.11"]
[Round "7"]
[White "Tan, Justin"]
[Black "Petrov, Martin"]
[Result "1-0"]
[ECO "A05"]
[WhiteElo "2481"]
[BlackElo "2441"]
[Annotator "RC"]
[PlyCount "79"]
[EventDate "2018.07.06"]
[EventType "swiss"]
[EventCountry "SRB"]
[SourceTitle "playchess.com"]
[Source "ChessBase"]
[SourceQuality "1"]
[TimeControl "5400+30"]

1. Nf3 Nf6 2. g3 d5 3. Bg2 e6 4. O-O Be7 5. c4 O-O 6. d4 dxc4 7. Qc2 a6 8. a4 Bd7 9. Qxc4 Bc6 10. Bg5 a5 11. Nc3 Na6 12. Bxf6 Bxf6 13. e4 Nb4 14. Rfd1 b6 15. h4 Bb7 16. Qe2 Ba6 17. Qd2 Rc8 18. Rac1 c5 19. Qe3 cxd4 20. Nxd4 Bxd4 21. Rxd4 Qc7 22. h5 Qc5 23. h6 Rfd8 24. Ne2 Rxd4 25. Rxc5 Rd1+ 26. Kh2 Rxc5 27. e5 gxh6 28. Nc3 Rd3 29. Qxh6 Rxe5 30. Ne4 Nd5 31. Ng5 Rf5 32. Nxe6 fxe6 33. Qxe6+ Kg7 34. Qxf5 Nf6 35. g4 h6 36. Bb7 Bc4 37. Be4 Rd6 38. Qe5 Rd7 39. Bf5 Rd2 40. Qf4 1-0

[Event "XI Paracin Festival 2018"]
[Site "Paracin"]
[Date "2018.07.11"]
[Round "7"]
[White "Milanovic, Danilo"]
[Black "Savanovic, Vuk"]
[Result "1-0"]
[ECO "E98"]
[WhiteElo "2471"]
[BlackElo "2294"]
[Annotator "RC"]
[PlyCount "85"]
[EventDate "2018.07.06"]
[EventType "swiss"]
[EventCountry "SRB"]
[SourceTitle "playchess.com"]
[Source "ChessBase"]
[SourceQuality "1"]
[TimeControl "5400+30"]

1. d4 Nf6 2. Nf3 g6 3. c4 Bg7 4. Nc3 O-O 5. e4 d6 6. Be2 e5 7. O-O Nc6 8. d5 Ne7 9. Ne1 Nd7 10. Be3 f5 11. f3 f4 12. Bf2 g5 13. g4 fxg3 14. hxg3 Ng6 15. Ng2 Nf6 16. Ne3 h5 17. Kg2 g4 18. fxg4 Nxg4 19. Nxg4 hxg4 20. Be3 Rxf1 21. Qxf1 Bf6 22. Qh1 Bg5 23. Qh5 Nh4+ 24. gxh4 Bxe3 25. Rf1 Bf4 26. Bxg4 Bxg4 27. Qxg4+ Kh7 28. Qh5+ Kg7 29. Kf3 Qf6 30. Rg1+ Kf8 31. Rg6 Qf7 32. Qf5 Qxf5 33. exf5 Kf7 34. Ne4 Rb8 35. Ng5+ Bxg5 36. hxg5 Rh8 37. Rh6 Rxh6 38. gxh6 Kf6 39. Ke4 Kf7 40. c5 Kf6 41. b4 a6 42. a4 Kf7 43. a5 1-0

[Event "XI Paracin Festival 2018"]
[Site "Paracin"]
[Date "2018.07.11"]
[Round "7"]
[White "Kosic, Dragan"]
[Black "Perunovic, Milos"]
[Result "1/2-1/2"]
[ECO "D10"]
[WhiteElo "2463"]
[BlackElo "2596"]
[Annotator "ChessBase"]
[PlyCount "41"]
[EventDate "2018.07.06"]
[EventType "swiss"]
[EventCountry "SRB"]
[SourceTitle "playchess.com"]
[Source "ChessBase"]
[SourceQuality "1"]
[TimeControl "5400+30"]

1. d4 d5 2. c4 c6 3. Nc3 Nf6 4. cxd5 cxd5 5. Bf4 Nc6 6. e3 Bf5 7. Bd3 Bxd3 8. Qxd3 e6 9. Nf3 Bd6 10. Bxd6 Qxd6 11. O-O O-O 12. Rfc1 Rfc8 13. h3 a6 14. Na4 Ne7 15. Ne5 Rc7 16. Rxc7 Qxc7 17. Nc5 Ng6 18. Nxg6 hxg6 19. Rc1 Rc8 20. Nb3 Qd8 21. Rxc8 1/2-1/2

[Event "XI Paracin Festival 2018"]
[Site "Paracin"]
[Date "2018.07.11"]
[Round "7"]
[White "Radovanovic, Nikola"]
[Black "Yordanov, Lachezar"]
[Result "1/2-1/2"]
[ECO "B19"]
[WhiteElo "2425"]
[BlackElo "2290"]
[Annotator "NA RC"]
[PlyCount "43"]
[EventDate "2018.07.06"]
[EventType "swiss"]
[EventCountry "SRB"]
[SourceTitle "playchess.com"]
[Source "ChessBase"]
[SourceQuality "1"]
[TimeControl "5400+30"]

1. e4 c6 2. d4 d5 3. Nd2 dxe4 4. Nxe4 Bf5 5. Ng3 Bg6 6. h4 h6 7. Nf3 Nd7 8. h5 Bh7 9. Bd3 Bxd3 10. Qxd3 e6 11. Bd2 Ngf6 12. O-O-O Qc7 13. Kb1 Be7 14. Ne4 Nxe4 15. Qxe4 Nf6 16. Qe2 O-O-O 17. c4 c5 18. Bc3 Qf4 19. Qe5 Qe4+ 20. Kc1 Bd6 21. Qxe4 Nxe4 22. Be1 1/2-1/2

[Event "XI Paracin Festival 2018"]
[Site "Paracin"]
[Date "2018.07.11"]
[Round "7"]
[White "Abramovic, Bosko"]
[Black "Popovic, Aleksandar M"]
[Result "1-0"]
[ECO "A45"]
[WhiteElo "2409"]
[BlackElo "2264"]
[Annotator "NA"]
[PlyCount "74"]
[EventDate "2018.07.06"]
[EventType "swiss"]
[EventCountry "SRB"]
[SourceTitle "playchess.com"]
[Source "ChessBase"]
[SourceQuality "1"]
[TimeControl "5400+30"]

1. d4 Nf6 2. g3 g6 3. Bg2 Bg7 4. e4 d6 5. Nc3 O-O 6. Nge2 c5 7. dxc5 dxc5 8. Qxd8 Rxd8 9. Be3 Na6 10. h3 Ne8 11. O-O b6 12. Rad1 Bb7 13. a3 Nac7 14. f4 Nd6 15. e5 Bxg2 16. Kxg2 Nc4 17. Bc1 f5 18. exf6 exf6 19. b3 Nd6 20. Nd5 Nxd5 21. Rxd5 f5 22. Rfd1 Re8 23. Kf3 Nb5 24. a4 Nd4+ 25. Nxd4 Bxd4 26. g4 Rad8 27. Rxd8 Rxd8 28. Be3 Kf7 29. b4 Ke7 30. bxc5 Bxc5 31. Bxc5+ bxc5 32. Rxd8 Kxd8 33. gxf5 gxf5 34. Kg3 Ke7 35. Kh4 c4 36. Kg5 Ke6 37. c3 Kd5 1-0

[Event "XI Paracin Festival 2018"]
[Site "Paracin"]
[Date "2018.07.11"]
[Round "7"]
[White "Radovanovic, Mihajlo"]
[Black "Tugstumur, Yesuntumur"]
[Result "0-1"]
[ECO "E91"]
[WhiteElo "2402"]
[BlackElo "2116"]
[Annotator "NA"]
[PlyCount "116"]
[EventDate "2018.07.06"]
[EventType "swiss"]
[EventCountry "SRB"]
[SourceTitle "playchess.com"]
[Source "ChessBase"]
[SourceQuality "1"]
[TimeControl "5400+30"]

1. Nf3 Nf6 2. c4 g6 3. Nc3 Bg7 4. e4 d6 5. d4 O-O 6. Be2 Na6 7. O-O e5 8. Be3 Ng4 9. Bg5 Qe8 10. dxe5 dxe5 11. h3 h6 12. Bd2 Nf6 13. Be3 Qe7 14. Nd5 Qd8 15. Nxf6+ Qxf6 16. c5 Rd8 17. Qc1 Kh7 18. Bc4 Bxh3 19. c6 Qxc6 20. Bxa6 Qxe4 21. Qc4 Bf5 22. Qxe4 Bxe4 23. Be2 f5 24. Rac1 c6 25. b3 f4 26. Bc5 Bd5 27. Rfd1 e4 28. Nd4 h5 29. Nc2 Bh6 30. Bc4 b6 31. Be7 Rd7 32. Bf6 Rf8 33. Bb2 e3 34. f3 Rfd8 35. Bf6 Rf8 36. Bc3 Rfd8 37. Be2 Bg7 38. Bxg7 Kxg7 39. Nb4 c5 40. Nd3 g5 41. Nb2 Kf6 42. Kf1 h4 43. Bb5 Rd6 44. Be2 Be6 45. Rxd6 Rxd6 46. Rd1 Rxd1+ 47. Nxd1 Ke5 48. Nc3 Bd7 49. Ba6 h3 50. gxh3 Bxh3+ 51. Kg1 g4 52. Bc8 gxf3 53. Bxh3 Kd4 54. Nb1 Kd3 55. Bf5+ Ke2 56. Bg4 b5 57. Nc3+ Kd3 58. Nd5 e2 0-1

[Event "XI Paracin Festival 2018"]
[Site "Paracin"]
[Date "2018.07.11"]
[Round "7"]
[White "Peng, Shunkai"]
[Black "Bratkovic, Sham"]
[Result "1-0"]
[ECO "C65"]
[WhiteElo "2390"]
[BlackElo "2190"]
[Annotator "NA"]
[PlyCount "85"]
[EventDate "2018.07.06"]
[EventType "swiss"]
[EventCountry "SRB"]
[SourceTitle "playchess.com"]
[Source "ChessBase"]
[SourceQuality "1"]
[TimeControl "5400+30"]

1. e4 e5 2. Nf3 Nc6 3. Bb5 Nf6 4. d3 d6 5. O-O a6 6. Bxc6+ bxc6 7. Re1 c5 8. a3 Rb8 9. c3 Be7 10. h3 O-O 11. Nbd2 Be6 12. b4 Nd7 13. d4 cxd4 14. cxd4 exd4 15. Nxd4 Bf6 16. Nc6 Qc8 17. Bb2 Rb6 18. Bxf6 Rxc6 19. Bd4 Nb6 20. a4 Bc4 21. Qh5 f6 22. Ra3 Bf7 23. Qd1 d5 24. Rg3 Nc4 25. exd5 Bxd5 26. Nxc4 Bxc4 27. Qh5 Bf7 28. Qf3 Re6 29. Rxe6 Qxe6 30. Qxf6 Qxf6 31. Bxf6 g6 32. Rc3 Bd5 33. Be7 Rc8 34. Rc5 c6 35. Ra5 Re8 36. Bd6 Re1+ 37. Kh2 Re2 38. Kg3 Bc4 39. Rc5 Bd5 40. b5 axb5 41. axb5 Re6 42. Bc7 Bxg2 43. b6 1-0

[Event "XI Paracin Festival 2018"]
[Site "Paracin"]
[Date "2018.07.11"]
[Round "7"]
[White "Wadsworth, Matthew J"]
[Black "Uuriintuya, Uurtsaikh"]
[Result "0-1"]
[ECO "A00"]
[WhiteElo "2377"]
[BlackElo "2158"]
[Annotator "NA"]
[PlyCount "76"]
[EventDate "2018.07.06"]
[EventType "swiss"]
[EventCountry "SRB"]
[SourceTitle "playchess.com"]
[Source "ChessBase"]
[SourceQuality "1"]
[TimeControl "5400+30"]

1. g3 g6 2. Bg2 Bg7 3. c4 Nf6 4. Nc3 O-O 5. d3 d6 6. e4 c5 7. Nge2 Nc6 8. O-O a6 9. h3 Rb8 10. a4 Bd7 11. Be3 Ne8 12. f4 Nc7 13. f5 b5 14. Rb1 Nd4 15. axb5 axb5 16. cxb5 gxf5 17. exf5 Nxf5 18. Bf2 Nxb5 19. Ne4 Be5 20. Nf4 Ng7 21. Nh5 f5 22. Ng5 Nc7 23. b4 cxb4 24. d4 Bf6 25. Nxf6+ exf6 26. Nf3 Nd5 27. Qb3 Be6 28. Nh4 Rb5 29. Rfe1 Bf7 30. Qd3 Nc3 31. Ra1 Ra5 32. d5 Ne4 33. Nxf5 Nxf2 34. Nh6+ Kh8 35. Kxf2 Qb6+ 36. Kf1 Bg6 37. Qc4 Rxa1 38. Rxa1 Qe3 0-1

[Event "XI Paracin Festival 2018"]
[Site "Paracin"]
[Date "2018.07.11"]
[Round "7"]
[White "Tomic, Aleksandar"]
[Black "Mehmed, Elif"]
[Result "1-0"]
[ECO "D02"]
[WhiteElo "2347"]
[BlackElo "1973"]
[Annotator "NA"]
[PlyCount "47"]
[EventDate "2018.07.06"]
[EventType "swiss"]
[EventCountry "SRB"]
[SourceTitle "playchess.com"]
[Source "ChessBase"]
[SourceQuality "1"]
[TimeControl "5400+30"]

1. d4 d5 2. Nf3 Nf6 3. Bf4 c5 4. e3 Nc6 5. Nbd2 Nh5 6. Bg5 h6 7. Bh4 g5 8. Ne5 Nxe5 9. dxe5 Ng7 10. Bg3 Nf5 11. Qh5 e6 12. e4 Nxg3 13. hxg3 Qc7 14. f4 Bg7 15. O-O-O Bd7 16. Be2 Bc6 17. exd5 exd5 18. Bg4 O-O 19. Nf3 gxf4 20. gxf4 d4 21. Nh4 Bd7 22. Bxd7 Qxd7 23. Nf5 Qe6 24. Qg4 1-0

[Event "XI Paracin Festival 2018"]
[Site "Paracin"]
[Date "2018.07.11"]
[Round "7"]
[White "Radovic, Luka"]
[Black "Ahmed, Fareed"]
[Result "1-0"]
[ECO "A09"]
[WhiteElo "2344"]
[BlackElo "1953"]
[Annotator "NA"]
[PlyCount "78"]
[EventDate "2018.07.06"]
[EventType "swiss"]
[EventCountry "SRB"]
[SourceTitle "playchess.com"]
[Source "ChessBase"]
[SourceQuality "1"]
[TimeControl "5400+30"]

1. Nf3 d5 2. c4 d4 3. b4 c5 4. bxc5 Nc6 5. g3 e5 6. d3 Bxc5 7. Bg2 Nge7 8. O-O O-O 9. Ba3 Bxa3 10. Nxa3 Bf5 11. Nd2 Qd7 12. Qb3 b6 13. Rfe1 Rac8 14. Nc2 Na5 15. Qb2 Nb7 16. a4 Nc5 17. Qa3 Nc6 18. Nb3 Nxb3 19. Qxb3 Be6 20. Qb5 Qd6 21. Bxc6 Rxc6 22. a5 Rb8 23. Reb1 Rcc8 24. Qa6 Qc7 25. Na3 Bd7 26. Nb5 Bxb5 27. Rxb5 bxa5 28. Rxb8 Rxb8 29. Qxa5 Qd6 30. Qxa7 g6 31. c5 Qd8 32. c6 Rc8 33. Qb7 Kg7 34. Ra7 Qe8 35. Ra6 Qd8 36. Qb5 Qd6 37. Qc4 Rc7 38. Rb6 Kh6 39. Rb7 Qxc6 1-0

[Event "XI Paracin Festival 2018"]
[Site "Paracin"]
[Date "2018.07.11"]
[Round "7"]
[White "Marjanovic, Annamaria"]
[Black "Atalik, Suat"]
[Result "0-1"]
[ECO "A10"]
[WhiteElo "2325"]
[BlackElo "2509"]
[Annotator "ChessBase"]
[PlyCount "78"]
[EventDate "2018.07.06"]
[EventType "swiss"]
[EventCountry "SRB"]
[SourceTitle "playchess.com"]
[Source "ChessBase"]
[SourceQuality "1"]
[TimeControl "5400+30"]

1. c4 b6 2. e4 Bb7 3. Nc3 e5 4. Nge2 Nf6 5. d3 Bc5 6. h3 c6 7. Ng3 d5 8. Nf5 g6 9. Ng3 dxc4 10. dxc4 Qxd1+ 11. Nxd1 h5 12. Bd3 Na6 13. a3 Bd4 14. Bg5 Nh7 15. Be3 Nc5 16. Bxd4 Nxd3+ 17. Kd2 O-O-O 18. Kxd3 Rxd4+ 19. Kc3 Rhd8 20. h4 Rd2 21. Kb3 R8d3+ 22. Ka2 Rc2 23. c5 Ba6 24. cxb6 axb6 25. Kb1 Rdd2 26. a4 Bd3 27. Ka2 Nf6 28. Re1 Ng4 29. Nf1 Bc4+ 30. Ka3 Rd3+ 31. Nc3 Rxf2 32. Rac1 Rxg2 33. b3 Be6 34. Nd5 Kb7 35. Rxc6 Kxc6 36. Nb4+ Kb7 37. Nxd3 g5 38. Ne3 Rg3 39. Nxg4 hxg4 0-1

[Event "XI Paracin Festival 2018"]
[Site "Paracin"]
[Date "2018.07.11"]
[Round "7"]
[White "Pantelic, Sasa"]
[Black "McPhillips, Joseph"]
[Result "0-1"]
[ECO "A40"]
[WhiteElo "2316"]
[BlackElo "2402"]
[Annotator "NA"]
[PlyCount "86"]
[EventDate "2018.07.06"]
[EventType "swiss"]
[EventCountry "SRB"]
[SourceTitle "playchess.com"]
[Source "ChessBase"]
[SourceQuality "1"]
[TimeControl "5400+30"]

1. d4 b5 2. Nf3 Bb7 3. g3 e6 4. Bg2 c5 5. c3 a5 6. O-O a4 7. Re1 Nf6 8. Bg5 cxd4 9. Nxd4 Bxg2 10. Kxg2 b4 11. e4 h6 12. Bxf6 gxf6 13. Qf3 Ra5 14. a3 b3 15. Nd2 Be7 16. Rad1 Qc7 17. Qd3 h5 18. h4 Qb7 19. Kh2 Rc5 20. Nc4 Rg8 21. e5 fxe5 22. Qh7 Rf8 23. Nxe5 Bf6 24. Ng6 Bxd4 25. Rxd4 Rf5 26. Nf4 Qf3 27. Kg1 Kd8 28. Re3 Qc6 29. Nxh5 d5 30. Qh6 Nd7 31. g4 Rg8 32. Kf1 Qa6+ 33. Ke1 Kc7 34. Qh7 Rg6 35. c4 Qb6 36. Rdd3 Rxg4 37. Ng3 Qa5+ 38. Rd2 Rxf2 39. Ree2 Rf3 40. Kd1 Rgxg3 41. Re1 Rf5 42. Qh8 Rg4 43. h5 Rxc4 0-1